 Dungeon Crawl Stone Soup version 0.25-a0-1073-gf4359a17dd (webtiles) character file.

Game seed: 5887232249549786165, levelgen mode: deterministic

18 Flugslaktarn the Shield-Bearer (level 2, -1/16 HPs)
             Began as a Vine Stalker Fighter on May 14, 2020.
             Slain by Sigmund
             ... wielding a +3 scythe of venom
              (2 damage)
             ... on level 2 of the Dungeon.
             The game lasted 00:00:22 (1047 turns).

Flugslaktarn the Shield-Bearer (VSFi)               Turns: 1047, Time: 00:00:22

Health: -1/16      AC: 12    Str: 18    XL:     2   Next: 70%
Magic:  0/3        EV:  2    Int:  8    God:
Gold:   31         SH:  9    Dex: 13    Spells: 1/1 levels left

rFire    . . .     SeeInvis .   a - +1 war axe
rCold    . . .     Gourm    .   c - +0 kite shield
rNeg     . . .     Faith    .   h - +0 plate armour
rPois    .         Spirit   +   (no helmet)
rElec    .         Reflect  .   b - +0 cloak
rCorr    .         Harm     .   (no gloves)
MR       .....                  (no boots)
Stlth    ..........             (no amulet)
HPRegen  0.05/turn              (no ring)
MPRegen  0.08/turn              (no ring)

@: lethally poisoned (-1 -> -23), slowed, very slow
A: fangs 2, magic shield, antimagic bite, no potion heal 3, rot immunity
a: no special abilities


You were on level 2 of the Dungeon.
You were not hungry.

You visited 1 branch of the dungeon, and saw 2 of its levels.

You collected 31 gold pieces.

Inventory:

Hand Weapons
 a - a +1 war axe (weapon)
Armour
 b - a +0 cloak (worn)
   (You found it on level 1 of the Dungeon)
 c - a +0 kite shield (worn)
 h - a +0 plate armour (worn)
   (You found it on level 1 of the Dungeon)
Scrolls
 r - 3 scrolls of identify
Potions
 d - a potion of might
Comestibles
 e - 2 rations


   Skills:
 + Level 2.9 Fighting
 * Level 2.2 Axes
 + Level 2.6 Armour
 + Level 2.9 Shields


You had one spell level left.
You didn't know any spells.
Your spell library was empty.

Dungeon Overview and Level Annotations

Branches:
Dungeon (2/15)

Altars:

Annotations:
D:2 Jessica, Sigmund


Innate Abilities, Weirdness & Mutations

You have extremely sharp teeth.
When hurt, damage is shared between your health and your magic reserves.
Your bite disrupts and absorbs the magic of your enemies.
Potions cannot restore your health.
You are immune to rotting.


Message History

You are too injured to fight recklessly!
You are too injured to fight recklessly!
You are too injured to fight recklessly!
You are too injured to fight recklessly!
You are too injured to fight recklessly!
You are too injured to fight recklessly!
You are too injured to fight recklessly!
You are too injured to fight recklessly!
You are too injured to fight recklessly!
You are too injured to fight recklessly!
You are too injured to fight recklessly!
Unknown command.
As you read the scroll labeled BASTRY ORGHUCUE, it crumbles to dust.
It is a scroll of enchant weapon.
Your +0 war axe glows red for a moment.
* * * LOW HITPOINT WARNING * * *
You feel sick. You block the frilled lizard's attack.
Jessica hits you but does no damage.
Sigmund hits you from afar with a +3 scythe of venom.
You die...

.................
.g................#
.................#
.................##
.......#...........
...........<.......
.....@.....$.......
......llg..........
.>....h@s..........
......@h##.........
.......###.........
......# ..........
...... ..........
...... .........
..... #....). #.##.


You could see Sigmund, Jessica, 2 jackals, a giant cockroach, 2 hobgoblins and 2
frilled lizards.

Vanquished Creatures
  2 dart slugs (D:1)
  A giant cockroach (D:1)
  A goblin (D:1)
  2 hobgoblins (D:1)
  2 jackals (D:2)
  3 kobolds (D:1)
  4 rats
15 creatures vanquished.

Notes
Turn   | Place    | Note
-------+----------+-------------------------------------------
     0 | D:1      | Flugslaktarn the Vine Stalker Fighter began the quest for
                  | the Orb.
     0 | D:1      | Reached XP level 1. HP: 11/11 MP: 2/2
   322 | D:1      | Reached XP level 2. HP: 16/16 MP: 3/3
  1038 | D:2      | Noticed Jessica
  1042 | D:2      | Noticed Sigmund
  1047 | D:2      | Slain by Sigmund

Illustrated notes

Levels and vault maps discovered:
D:1:      dpeg_arrival_chambers_temple_mockup, layout_loops_ring, serial_glass,
          glass_columns_a, glass_columns_b
D:2:      layout_rooms, uniq_jessica, uniq_terence, uniq_crazy_yiuf_cottage,
          uniq_sigmund

Skill      XL: |  1 |
---------------+----+-----
Axes           | 2 |  2.2
Fighting       | |  2.9
Armour         | |  2.6
Shields        | |  2.9

Action                   || total
-------------------------++-------
Melee: War axe           ||    27
       Bite              ||     6
  Use: Scroll            ||     2
Armor: Scale mail        ||     4
       Plate armour      ||    37
Dodge: Dodged            ||     9
Block: Kite shield       ||    16

Table legend:
 A = Non-vault XP
 B = Vault XP
 C = Vault XP percentage of total XP
 D = Non-vault monster count
 E = Vault monster count
 F = Vault count percentage of total count
                 A         B        C        D         E       F
            +---------+---------+-------+---------+---------+-------
      Total |      27 |       0 |   0.0 |      15 |       0 |   0.0
            +---------+---------+-------+---------+---------+-------
        D:1 |      22 |       0 |   0.0 |      12 |       0 |   0.0
        D:2 |       5 |       0 |   0.0 |       3 |       0 |   0.0
            +---------+---------+-------+---------+---------+-------
